 Dungeon Crawl Stone Soup version 0.17.1-3-g152610e (webtiles) character file.

3 dearth the Grasshopper (level 1, -1/10 HPs)
             Began as a Spriggan Warper on Feb 26, 2016.
             Slain by a kobold (3 damage)
             ... on level 1 of the Dungeon.
             The game lasted 00:01:34 (339 turns).

dearth the Grasshopper (Spriggan Warper)             Turns: 339, Time: 00:01:34

Health: -1/10      AC:  2    Str:  7    XL:     1   Next: 41%
Magic:  5/5        EV: 18    Int: 14    God:
Gold:   15         SH:  0    Dex: 15    Spells: 1 memorised, 4 levels left

rFire  . . .     SeeInvis +     a - +0 short sword
rCold  . . .     Clarity  .     b - +0 robe
rNeg   . . .     SustAt   .     (shield restricted)
rPois  .         Gourm    .     (helmet restricted)
rElec  .         Spirit   .     (no cloak)
rCorr  .         Warding  .     (gloves unavailable)
rMut   .         Stasis   .     (boots unavailable)
MR     .....                    (no amulet)
Stlth  ++........               (no ring)
                                (no ring)

@: very quick, not resistant to hostile enchantments, unstealthy
A: unfitting armour, see invisible, herbivore 3, speed 3, slow metabolism 2
a: no special abilities


You were on level 1 of the Dungeon.
You were not hungry.

You visited 1 branch of the dungeon, and saw 1 of its levels.

You collected 15 gold pieces.

Inventory:

Hand Weapons
 a - a +0 short sword (weapon)
Missiles
 e - 5 tomahawks of dispersal
 i - 15 poisoned needles (quivered)
Armour
 b - a +0 robe (worn)
Scrolls
 d - a scroll of blinking
 h - a scroll of amnesia {unknown}
 j - a scroll of identify {unknown}
 k - a scroll of enchant weapon {unknown}
Potions
 g - a potion of curing {unknown}
Books
 c - a book of Spatial Translocations

   Spells                             Type                      Level
   a - Apportation                    Translocation                1
   b - Blink                          Translocation                2
   c - Shroud of Golubria             Charms/Translocation         2
   d - Portal Projectile              Translocation                3
   e - Teleport Other                 Translocation                3
   f - Passage of Golubria            Translocation                4
Comestibles
 f - a bread ration


   Skills:
 - Level 1.5 Fighting
 + Level 2.3 Short Blades
 - Level 1.0 Throwing
 + Level 3.5 Dodging
 + Level 0.9 Stealth
 + Level 2.6 Spellcasting
 + Level 4.4 Translocations


You had 4 spell levels left.
You knew the following spells:

 Your Spells              Type           Power        Failure   Level  Hunger
a - Apportation           Tloc           ##........   3%          1    #......


Dungeon Overview and Level Annotations

Branches:
Dungeon (1/15)

Altars:


Innate Abilities, Weirdness & Mutations

You are tiny and cannot use many weapons and most armour.
You have supernaturally acute eyesight.
You are a herbivore.
You cover ground extremely quickly.
You need consume almost no food.


Message History

You closely miss the hobgoblin. The hobgoblin hits you.
The kobold completely misses you.
You hit the hobgoblin.
The hobgoblin is moderately wounded.
The hobgoblin misses you. The kobold hits you.
You hit the hobgoblin but do no damage.
The hobgoblin is moderately wounded.
The hobgoblin hits you.
* * * LOW HITPOINT WARNING * * *
The kobold misses you.
You hit the hobgoblin.
The hobgoblin is severely wounded.
The hobgoblin barely misses you. The kobold closely misses you.
You closely miss the hobgoblin.
The hobgoblin is severely wounded.
The hobgoblin closely misses you. The kobold misses you.
You hit the hobgoblin but do no damage.
The hobgoblin is severely wounded.
The hobgoblin closely misses you. The kobold hits you.
You die...

###########...##.....#.#
[...#.....#...######...#######.
....'.....#...#....'...#.......
....#.....#...#.####.†......#
.######...#.(.#.#...###.....#
.#..'<#...#...#(#.#. #.....#
.#..###'#####'#.#.#. #.....#
'##'##....#...#...#. #.....#
.#...#....#...#.@g#. #.....#
.#...#....#...#.#K..........#
.#...'....#...#.#.#.###.....#
.##########...#.#.#.........#
.....'........#.#.. ....
.....#........#.... ###
.....#........#.....
################ ...


You could see a hobgoblin and a kobold.

Vanquished Creatures
  A giant gecko (D:1)
  A bat (D:1)
  A kobold (D:1)
3 creatures vanquished.

Notes
Turn   | Place    | Note
--------------------------------------------------------------
     0 | D:1      | dearth the Spriggan Warper began the quest for the Orb.
     0 | D:1      | Reached XP level 1. HP: 10/10 MP: 5/5
   339 | D:1      | Slain by a kobold

Action                   || total
-------------------------++-------
Melee: Short sword       ||    20
